 Dungeon Crawl Stone Soup version 0.32-a0-673-g3729bd50f8 (webtiles) character file.

Game seed: 4208170818394836215

316 BeKind the Caller (level 6, -6/36 HPs)
             Began as an Octopode Summoner on Mar 11, 2024.
             Mangled by a killer bee (7 damage)
             ... on level 5 of the Dungeon.
             The game lasted 00:04:45 (3495 turns).

BeKind the Caller (Octopode Summoner)               Turns: 3495, Time: 00:04:45

Health: -6/36      AC:  1    Str:  9    XL:     6   Next: 44%
Magic:  15/28      EV: 14    Int: 17    God:
Gold:   162        SH:  0    Dex: 13    Spells: 5/11 levels left

rFire   . . .        m - +1 hand axe "Dyttemaf" {freeze, rPois rN++ MP+9 Stlth-}
rCold   . . .        (no shield)
rNeg    + + .        (helmet restricted)
rPois   +            (no amulet)
rElec   .            g - ring of magical power
rCorr   .            (no ring)
SInv    .            (no ring)
Will    .....        (no ring)
Stlth   ++           (no ring)
HPRegen 0.26/turn    (no ring)
MPRegen 0.21/turn    (no ring)
                     (no ring)

%: no passive effects
@: no status effects
A: almost no armour, amphibious, 8 rings, camouflage 1, gelatinous body 1,
(nimble swimmer 1), tentacles
a: no special abilities


You were on level 5 of the Dungeon.
You visited 1 branch of the dungeon, and saw 5 of its levels.

You collected 162 gold pieces.

Inventory:

Hand Weapons
 c - a +0 spear
 m - the +1 hand axe "Dyttemaf" (weapon) {freeze, rPois rN++ MP+9 Stlth-}
   (You found it on level 2 of the Dungeon)

   rPois:     It protects you from poison.
   rN++:      It greatly protects you from negative energy.
   MP+9:      It affects your magic capacity (+9).
   Stlth-:    It makes you less stealthy.
Jewellery
 g - a ring of magical power (left tentacle)
Scrolls
 f - 5 scrolls of identify {unknown}
 h - a scroll of blinking {unknown}
 i - 2 scrolls of fear {unknown}
 j - 2 scrolls of amnesia {unknown}
 k - a scroll of torment {unknown}
 p - 6 scrolls of teleportation {unknown}
 q - a scroll of immolation {unknown}
 r - a scroll of poison {unknown}
Potions
 a - a potion of magic
 b - 4 potions of curing {unknown}
 d - a potion of degeneration {unknown}
 e - 2 potions of lignification {unknown}
 l - 2 potions of haste {unknown}
 n - 2 potions of heal wounds {unknown}
 o - a potion of resistance {unknown}


   Skills:
 * Level 2.4(2.8) Axes
 - Level 2.0(2.5) Polearms
 + Level 3.2 Dodging
 - Level 2.7 Stealth
 + Level 3.1 Spellcasting
 + Level 4.7 Summonings
 + Level 2.0 Ice Magic


You had 5 spell levels left.
You knew the following spells:

 Your Spells              Type           Power      Damage    Failure   Level
a - Summon Small Mammal   Summ           72%        N/A       2%          1
b - Call Imp              Summ           36%        N/A       3%          2
c - Summon Ice Beast      Ice/Summ       14%        N/A       13%         3

Your spell library contained the following spells:

 Spells                   Type           Power      Damage    Failure   Level
 Call Canine Familiar     Summ           18%        N/A       8%          3
 Hailstorm                Conj/Ice       6%         3d5       34%         3
 Summon Blazeheart Golem  Fire/Summ      10%        N/A       54%         4
 Summon Lightning Spire   Summ/Air       10%        N/A       54%         4
 Sculpt Simulacrum        Ice/Alch       3%         N/A       100%        6


Dungeon Overview and Level Annotations

Branches:
Dungeon (4/15)
 Temple: D:4-7

Altars:
Kikubaaqudgha


Innate Abilities, Weirdness & Mutations

You cannot wear most types of armour.
You are amphibious.
You can wear up to eight rings at the same time.
Your skin changes colour to match your surroundings (Stealth+).
Your rubbery body absorbs attacks. (AC +1, EV +1)
((You are camouflaged when in or above water. (Stealth+)))
You have tentacles for arms and can constrict up to eight enemies at once.


Message History

You closely miss the adder. Your grab misses the adder.
The adder is heavily wounded.
The killer bee barely misses your ice beast.
The adder closely misses you.
Your cerulean imp hits the adder with a -3 spear.
The adder bites you.
Unknown command.
You closely miss the adder. You grab the adder.
The adder is heavily wounded.
You constrict the adder.
You kill the adder!
The killer bee stings your ice beast but does no damage.
The killer bee stings your ice beast!
Your ice beast dies!
Your ice beast disappears in a puff of smoke!
Your cerulean imp hits the killer bee from afar with a -3 spear.
Casting: Call Imp (safe; 3% risk of failure)
Confirm with . or Enter, or press ? or * to list all spells.
Okay, then.
Casting: Call Imp (safe; 3% risk of failure)
Confirm with . or Enter, or press ? or * to list all spells.
A chill wind blows around you. The killer bee stings you.
The killer bee stings your ice beast.
Your cerulean imp misses the killer bee.
The killer bee stings you.
* * * LOW HITPOINT WARNING * * *
The killer bee stings your ice beast.
Your ice beast is poisoned.
The killer bee poisons your ice beast!
Unknown command.
You miss the killer bee. Your grab misses the killer bee.
The killer bee is moderately wounded.
The killer bee stings you!
* * * LOW HITPOINT WARNING * * *
The killer bee stings your ice beast.
Your ice beast looks as sick as possible!
The killer bee poisons your ice beast!
Your cerulean imp hits the killer bee but does no damage.
The killer bee stings you!
You die...

## # .# #
#...##########.####.#
.......=.yyYy@†......
.......######5......#
............'........
....##y######........
... .. #..........#
.. .# #.....#+##.. #
yy #.....# # y.
.......# ..........


You could see 3 killer bees, a friendly ice beast (summoned, extremely poisoned)
and a friendly cerulean imp (summoned).

Vanquished Creatures
  A killer bee (D:5)
  2 gnolls
  2 adders
  A ribbon worm (D:3)
  3 orcs (D:3)
  3 bat zombies (D:3)
  3 endoplasms
  3 giant cockroaches
  7 hobgoblins
  A jackal (D:3)
  4 quokkas
  2 ball pythons
  A bat (D:3)
  A frilled lizard (D:3)
  7 goblins
  6 kobolds
  6 rats
53 creatures vanquished.

Vanquished Creatures (collateral kills)
  2 killer bees (D:5)
  A jelly (D:3)
  4 gnolls (D:2)
  An endoplasm (D:3)
  5 hobgoblins
  A frilled lizard (D:3)
  2 kobolds
  A rat (D:2)
17 creatures vanquished.

Grand Total: 70 creatures vanquished

Notes
Turn   | Place    | Note
-------+----------+-------------------------------------------
     0 | D:1      | BeKind the Octopode Summoner began the quest for the Orb.
     0 | D:1      | Reached XP level 1. HP: 11/11 MP: 3/3
   122 | D:1      | Reached XP level 2. HP: 4/17 MP: 1/5
   125 | D:1      | Learned a level 2 spell: Call Imp
   265 | D:1      | Reached skill level 1 in Polearms
   811 | D:1      | Reached XP level 3. HP: 15/21 MP: 6/6
  1018 | D:2      | Learned a level 3 spell: Summon Ice Beast
  1145 | D:2      | Reached XP level 4. HP: 14/27 MP: 7/7
  1870 | D:2      | Reached skill level 1 in Ice Magic
  1941 | D:2      | Identified the +1 hand axe "Dyttemaf" {freeze, rPois rN++
                  | MP+9 Stlth-}
  2161 | D:2      | Found a faded altar of an unknown god.
  2725 | D:3      | Reached XP level 5. HP: 31/31 MP: 9/9
  3013 | D:3      | Reached skill level 1 in Axes
  3014 | D:3      | Found an ancient bone altar of Kikubaaqudgha.
  3455 | D:4      | You fall into a shaft and drop 1 floor!
  3455 | D:5      | Entered Level 5 of the Dungeon
  3491 | D:5      | Reached XP level 6. HP: 21/36 MP: 10/10
  3495 | D:5      | HP: 1/36 [killer bee (8)]
  3495 | D:5      | Mangled by a killer bee

Illustrated notes

Levels and vault maps discovered:
D:1:      ncdulo_halloftheorcs, layout_loops_ring
D:2:      layout_rooms, hellmonk_ecumenical_altar_prayer_group,
          corexii_leaking_fountain, minmay_tripent
D:3:      minmay_thinvault, layout_basic, lemuel_zombie_altar_kikubaaqudgha
D:4:      layout_rooms, nicolae_dithmenos_shadow_blocks,
          mainiacjoe_overflow_concentric_impassable,
          mainiacjoe_overflow_24_doors, uniq_edmund
D:5:      layout_basic, gup_sewer_entry_glass, wad_floor_pattern_2,
          uniq_duvessa, uniq_prince_ribbit1

Skill      XL: |  1  2  3  4  5  6 |
---------------+-------------------+-----
Polearms       | 1 2 |  2.0
Ice Magic      | 1 2 |  2.0
Axes           | 2 |  2.4
Dodging        | 3 |  3.2
Spellcasting   | 3 |  3.1
Stealth        | |  2.7
Summonings     | |  4.7

Action                     |  1- 3 |  4- 6 || total
---------------------------+-------+-------++-------
  Melee: Unarmed           |     3 |       ||     3
         Tentacles         |     9 |    11 ||    20
         Constrict         |    13 |    20 ||    33
         Spear             |    55 |    15 ||    70
         Hand axe          |       |    55 ||    55
   Cast: Summon Small Mamm |    15 |    12 ||    27
         Call Imp          |       |     4 ||     4
         Summon Ice Beast  |       |     4 ||     4
   Stab: Sleeping          |     5 |     4 ||     9
 Armour: Skin              |    16 |    43 ||    59
  Dodge: Dodged            |    19 |    45 ||    64

Table legend: (Time is in decaauts)
 A = Elapsed time spent in this place.
 B = Non-inter-level travel time spent in this place.
 C = Inter-level travel time spent in this place.
 D = Time resting spent in this place.
 E = Time spent auto-exploring this place.
 F = Levels seen in this place.
 G = Mean time per level.
                   A        B        C        D        E       F      G
               +--------+--------+--------+--------+--------+-----+--------+
         Total |   3509 |   3361 |    148 |    520 |   2382 |   5 |  701.8 |
       Dungeon |   3509 |   3361 |    148 |    520 |   2382 |   5 |  701.8 |
               +--------+--------+--------+--------+--------+-----+--------+

Top non-repeatable levels by time:
     D:1: 1469 daAuts
     D:3: 1263 daAuts
     D:2: 732 daAuts
     D:5: 40 daAuts
     D:4: 3 daAuts
